 Dungeon Crawl Stone Soup version 0.32-a0-898-g7811c86cf0 (webtiles) character file.

Game seed: 4167658976763987251

10297 Lanoc the Skirmisher (level 11, -1/89 HPs)
             Began as a Coglin Hunter on Apr 4, 2024.
             Was an Elder of Qazlal.
             Slain by a fire elemental (11 damage)
             ... summoned by a deep elf pyromancer
             ... on level 10 of the Dungeon.
             The game lasted 00:12:58 (10411 turns).

Lanoc the Skirmisher (Coglin Hunter)               Turns: 10411, Time: 00:12:58

Health: -1/89      AC:  6    Str: 11    XL:     11   Next: 59%
Magic:  11/11      EV: 17    Int:  9    God:    Qazlal [****..]
Gold:   483        SH:  5    Dex: 22    Spells: 10/10 levels left

rFire   . . .        a - +3 sling {Zoran}
rCold   . . .        d - +0 sling {Xue}
rNeg    . . .        c - +0 leather armour
rPois   .            (no helmet)
rElec   .            J - +0 cloak {rCorr}
rCorr   +            (no gloves)
SInv    .            A - +1 pair of boots
Will    .....        (amulet unavailable)
Stlth   +            (ring unavailable)
HPRegen 0.34/turn    (ring unavailable)
MPRegen 0.12/turn    (no gizmo)

%: repel missiles
@: revving
A: off-hand wielding, slow wielding, warmup strikes, no jewellery
a: Invent Gizmo, Renounce Religion, Upheaval, Elemental Force


You were on level 10 of the Dungeon.
You worshipped Qazlal.
Qazlal was greatly pleased with you.
You visited 2 branches of the dungeon, and saw 11 of its levels.

You collected 875 gold pieces.
You spent 392 gold pieces at shops.

Inventory:

Hand Weapons
 a - a +3 sling (weapon) {Zoran}
 d - a +0 sling (offhand) {Xue}
Armour
 c - a +0 leather armour (worn)
 A - a +1 pair of boots (worn)
 J - a +0 cloak of preservation (worn)
Wands
 o - a wand of iceblast (4)
 y - a wand of flame (35)
 C - a wand of quicksilver (12)
 D - a wand of mindburst (9)
 I - a wand of paralysis (7)
Scrolls
 b - a scroll of butterflies
 g - 2 scrolls of enchant weapon
 h - 3 scrolls of blinking {unknown}
 k - 2 scrolls of amnesia {unknown}
 m - 5 scrolls of revelation {unknown}
 q - 5 scrolls of teleportation {unknown}
 t - 4 scrolls of immolation
 w - 3 scrolls of poison {unknown}
 x - 2 scrolls of fog {unknown}
 F - a scroll of summoning
 G - a scroll of silence
Potions
 e - 2 potions of attraction
 j - 5 potions of curing
 n - 3 potions of ambrosia
 p - 3 potions of brilliance
 r - 2 potions of might {unknown}
 s - 4 potions of haste {unknown}
 v - 2 potions of enlightenment
 z - a potion of resistance
 B - a potion of berserk rage
 E - 4 potions of lignification
Miscellaneous
 u - a condenser vane


   Skills:
 + Level 9.2 Fighting
 * Level 12.2 Ranged Weapons
 + Level 8.5 Dodging
 - Level 0.7 Stealth


You had 10 spell levels left.
You didn't know any spells.
Your spell library contained the following spells:

 Spells                   Type           Power      Damage    Failure   Level
 Freeze                   Ice            0%         1d3       47%         1
 Shock                    Conj/Air       0%         1d3       47%         1
 Slow                     Hex            0%         N/A       47%         1
 Confusing Touch          Hex            0%         N/A       85%         3
 Frozen Ramparts          Ice            0%         1d1       85%         3
 Hailstorm                Conj/Ice       0%         3d5       85%         3
 Swiftness                Air            0%         N/A       85%         3
 Vampiric Draining        Necr           0%         2d6       85%         3
 Airstrike                Air            0%         2d(0-16)  99%         4


Dungeon Overview and Level Annotations

Branches:
Dungeon (10/15)            Temple (1/1) D:6            Lair (0/5) D:10
    Orc: D:9-12

Altars:
Ashenzari
Cheibriados
Elyvilon
Fedhas
Gozag
Hepliaklqana
Kikubaaqudgha
Makhleb
Okawaru
Qazlal
Ru
Sif Muna
Trog
Uskayaw
Vehumet
Wu Jian
Xom
Yredelemnul
Zin
The Shining One

Shops:
D:7 =   D:9 **!!

Annotations:
D:7 2 runed translucent doors


Innate Abilities, Weirdness & Mutations

You can wield a second weapon in your off-hand.
It takes a long time for you to wield or remove held weapons.
Your first few attacks do less damage.
You cannot equip rings or amulets.


Message History

The fire elemental is moderately damaged.
The fire elemental barely misses you.
The fire elemental sizzles in the rain.
The fire elemental is engulfed in a thunderstorm.
Fire: a) +3 sling {Zoran}
Press: ? - help, Q - select action, (/) - cycle Shift-Dir - straight line, f/p - deep elf pyromancer
Aim: a deep elf pyromancer, wielding a +0 rapier and wearing a +0 ring mail (moderately wounded, 68% to hit)
You shoot a sling bullet.
The sling bullet hits the fire elemental.
The fire elemental is heavily damaged.
You shoot a sling bullet.
The sling bullet hits the fire elemental but does no damage.
The fire elemental is heavily damaged.
The fire elemental closely misses you.
The fire elemental sizzles in the rain.
The fire elemental misses you.
Fire: a) +3 sling {Zoran}
Press: ? - help, Q - select action, (/) - cycle Shift-Dir - straight line, f/p - deep elf pyromancer
Aim: a deep elf pyromancer, wielding a +0 rapier and wearing a +0 ring mail (moderately wounded, 68% to hit)
You shoot a sling bullet.
The sling bullet closely misses the fire elemental.
The sling bullet closely misses the deep elf pyromancer.
You shoot a sling bullet.
The sling bullet hits the fire elemental!
The fire elemental is almost destroyed.
The fire elemental hits you. The fire elemental burns you!
* * * LOW HITPOINT WARNING * * *
The fire elemental sizzles in the rain.
The fire elemental hits you. The fire elemental burns you!
* * * LOW HITPOINT WARNING * * *
The deep elf pyromancer casts a spell.
The deep elf pyromancer blinks!
You feel much better. You block the fire elemental's attack.
The fire elemental hits you. The fire elemental burns you!
* * * LOW HITPOINT WARNING * * *
The fire elemental completely misses you.
You block the fire elemental's attack.
The deep elf pyromancer gestures wildly while chanting.
The fire elemental hits you. The fire elemental burns you!
* * * LOW HITPOINT WARNING * * *
The fire elemental hits you. The fire elemental burns you!
You die...

....# .## ##...### ...#
##......# [..# #####
#.......###..# #...# ..
#....○...## #...#
#.##○.○°....# ....#
#...○○.°.#.#
....############EE##.......
#....#..#.#...##@## ....e..
##...)...)......## .......
.................# .......
...............#..##.......
..#............#...☼.......
.###...##..................
....###.....##.........
.......................
.......................


You could see 2 fire elementals.

Vanquished Creatures
  A two-headed ogre (D:8)
  Lodul (D:10)
  Maurice (D:10)
  2 elephants (D:9)
  A gargoyle (D:9)
  A komodo dragon (D:9)
  Grinder (D:3)
  Prince Ribbit (D:5)
  2 meliai zombies (D:10)
  A vampire (D:10)
  4 shadows (D:10)
  6 yaks
  2 vampire mosquitoes (D:8)
  Menkaure (D:4)
  A water moccasin (D:6)
  The ghost of Autsider the Changeling, an amateur OnSh of Qazlal (D:3)
  An orc warrior (D:9)
  2 ice beasts
  A sky beast (D:8)
  2 black bears
  10 ogres
  4 centaurs
  A kobold brigand (D:8)
  3 phantoms
  5 bullfrogs
  A gnoll sergeant (D:9)
  4 scorpions
  A wyvern zombie (D:6)
  A water moccasin zombie (D:6)
  7 jellies
  9 killer bees
  A howler monkey (D:5)
  A crimson imp (D:7)
  2 centaur zombies
  A bullfrog zombie (D:6)
  An orc priest (D:9)
  2 bombardier beetles
  6 hounds
  A gnoll bouda (D:5)
  An iguana (D:5)
  2 sleepcaps
  7 orc wizards
  3 howler monkey zombies
  9 gnolls
  9 adders
  A shadow imp (D:7)
  A white imp (D:7)
  3 ufetubi (D:6)
  2 dart slugs (D:1)
  23 orcs
  10 ball pythons
  5 endoplasms
  4 giant cockroaches
  12 goblins
  7 hobgoblins
  6 jackals
  14 kobolds
  2 quokkas
  3 bats
  3 frilled lizards
  6 rats
227 creatures vanquished.

Vanquished Creatures (others)
  A yak (D:10)
1 creature vanquished.

Grand Total: 228 creatures vanquished

Notes
Turn   | Place    | Note
-------+----------+-------------------------------------------
     0 | D:1      | Lanoc the Coglin Hunter began the quest for the Orb.
     0 | D:1      | Reached XP level 1. HP: 16/16 MP: 1/1
   119 | D:1      | Reached XP level 2. HP: 22/22 MP: 2/2
   245 | D:1      | Reached skill level 4 in Ranged Weapons
   363 | D:1      | Reached XP level 3. HP: 28/28 MP: 3/3
  1104 | D:3      | Found a bloodstained altar of Trog.
  1236 | D:3      | Reached XP level 4. HP: 34/34 MP: 4/4
  1360 | D:3      | Noticed Grinder
  1373 | D:3      | Killed Grinder
  1374 | D:3      | Reached skill level 5 in Ranged Weapons
  1374 | D:3      | Reached XP level 5. HP: 41/41 MP: 5/5
  1374 | D:3      | Reached XP level 6. HP: 47/47 MP: 6/6
  1492 | D:3      | Found a glowing golden altar of the Shining One.
  1499 | D:3      | Found a white marble altar of Elyvilon.
  1507 | D:3      | Found an opulent altar of Gozag.
  1514 | D:3      | Found a broken altar of Ashenzari.
  1522 | D:3      | Found an ornate altar of the Wu Jian Council.
  1530 | D:3      | Found a stormy altar of Qazlal.
  1538 | D:3      | Found an ancient bone altar of Kikubaaqudgha.
  1551 | D:3      | Became a worshipper of Qazlal Stormbringer
  1614 | D:3      | Found a faded altar of an unknown god.
  1834 | D:3      | Found a runed translucent door.
  1838 | D:3      | Noticed Autsider's ghost (amateur OnSh)
  2207 | D:3      | Killed Autsider's ghost
  2420 | D:4      | Reached XP level 7. HP: 50/53 MP: 7/7
  2523 | D:4      | Reached skill level 6 in Ranged Weapons
  2595 | D:4      | Reached * piety under Qazlal
  2599 | D:4      | HP: 1/54 [ogre/+0 giant spiked club (26)]
  3196 | D:4      | Found a burning altar of Makhleb.
  3208 | D:4      | Found a glowing silver altar of Zin.
  3289 | D:4      | Noticed Menkaure
  3299 | D:4      | Killed Menkaure
  3337 | D:4      | Reached XP level 8. HP: 61/61 MP: 8/8
  3653 | D:4      | Found a snail-covered altar of Cheibriados.
  3720 | D:5      | Entered Level 5 of the Dungeon
  3729 | D:5      | Reached skill level 7 in Ranged Weapons
  3774 | D:5      | Found a hazy altar of Hepliaklqana.
  3801 | D:5      | Noticed Prince Ribbit
  3814 | D:5      | Killed Prince Ribbit
  3815 | D:5      | Reached skill level 5 in Fighting
  4112 | D:5      | Reached skill level 5 in Dodging
  4528 | D:5      | Reached skill level 8 in Ranged Weapons
  4706 | D:6      | Reached ** piety under Qazlal
  4717 | D:6      | Reached XP level 9. HP: 51/69 MP: 9/9
  5064 | D:6      | Found a staircase to the Ecumenical Temple.
  5074 | Temple   | Entered the Ecumenical Temple
  5093 | D:6      | Found a basalt altar of Yredelemnul.
  5710 | D:7      | Reached skill level 9 in Ranged Weapons
  5919 | D:7      | Found Subumeda's One-of-a-Kind Rings.
  6031 | D:7      | Found a runed translucent door.
  6035 | D:7      | Found a runed translucent door.
  6887 | D:8      | Reached XP level 10. HP: 57/79 MP: 10/10
  6901 | D:8      | Reached *** piety under Qazlal
  7185 | D:8      | Reached skill level 10 in Ranged Weapons
  8092 | D:9      | Noticed a two-headed ogre
  8101 | D:8      | Killed a two-headed ogre
  8344 | D:9      | Found Anym's Assorted Antiques.
  8351 | D:9      | Found Fetzu's General Store.
  8354 | D:9      | Found Zyifiris's Distillery.
  8354 | D:9      | Found Ylewafai's Armour Shoppe.
  8354 | D:9      | Found Sanakyck's Distillery.
  8356 | D:9      | Bought a bubbling brown potion for 29 gold pieces
  8356 | D:9      | Bought a fizzy inky potion for 29 gold pieces
  8356 | D:9      | Bought a ruby potion for 29 gold pieces
  8356 | D:9      | Bought a glowing coppery potion for 29 gold pieces
  8365 | D:9      | Bought a potion of heal wounds for 60 gold pieces
  8365 | D:9      | Bought a potion of enlightenment for 60 gold pieces
  8381 | D:9      | Bought a potion of ambrosia for 96 gold pieces
  8395 | D:9      | Bought a scroll of immolation for 60 gold pieces
  8601 | D:9      | Found an iron altar of Okawaru.
  8679 | D:10     | Entered Level 10 of the Dungeon
  8777 | D:10     | Noticed an elephant
  8820 | D:10     | Noticed Maurice
  8829 | D:10     | Maurice stole 109 gold
  8830 | D:10     | Killed Maurice
  8856 | D:10     | Noticed Lodul
  8962 | D:9      | Killed an elephant
  8963 | D:9      | Reached skill level 11 in Ranged Weapons
  9067 | D:10     | Found a staircase to the Lair.
  9067 | D:10     | Noticed an elephant
  9067 | D:10     | Noticed a gargoyle
  9351 | D:9      | Killed an elephant
  9352 | D:9      | Reached XP level 11. HP: 28/87 MP: 11/11
  9569 | D:10     | Killed Lodul
  9812 | D:9      | Reached **** piety under Qazlal
  9986 | D:9      | Reached skill level 12 in Ranged Weapons
 10379 | D:10     | Noticed a deep elf pyromancer
 10411 | D:10     | Slain by a fire elemental

Illustrated notes

Levels and vault maps discovered:
D:1:      amcnicky_arrival_blooded_trapdoor, layout_basic, minmay_misc_feat_iff
D:2:      layout_basic
D:3:      kennysheep_the_goblin_king, layout_loops_ring,
          grunt_temple_overflow_octagram, bloody_trog,
          ebering_ghost_inner_flame, ebering_ecumenical_altar_hall, st_stairs_6,
          kennysheep_donut, uniq_grinder
D:4:      minmay_thinvault, layout_basic,
          grunt_temple_overflow_order_and_chaos_2, chei_slow_surprise,
          uniq_menkaure
D:5:      layout_loops_cross, nicolae_hepliaklqana_hazy_memory,
          uniq_prince_ribbit1
D:6:      layout_cave_pools, nicolae_yredelemnul_corpse_copse, minmay_bent
D:7:      lemuel_insect_pit, layout_gridville, nicolae_shop_unique_rings,
          minmay_fire_ice_demons
D:8:      layout_layer_cave, minivault_24
D:9:      layout_loops_ring, general_overflow_altar,
          nicolae_shop_national_dungeon_mall
D:10:     layout_cave_pools, mainiacjoe_overflow_catwalk_spiral,
          grunt_lair_entry_orc_guard_hut, serial_undead, serial_undead_f,
          serial_undead_c, serial_undead_d, serial_undead_c, uniq_maurice,
          uniq_lodul
Temple:   hellmonk_temple_rainy

Skill      XL: |  1  2  3  4  5  6  7  8  9 10 11 |
---------------+----------------------------------+-----
Dodging        | 2 3 4 5 6 7 8 |  8.5
Ranged Weapons | 4 5 6 8 9 11 12 | 12.2
Fighting       | 3 4 5 7 8 9 |  9.2
Stealth        | |  0.7

Action                     |  1- 3 |  4- 6 |  7- 9 | 10-12 || total
---------------------------+-------+-------+-------+-------++-------
   Fire: Sling             |   122 |   146 |   722 |   628 ||  1618
    Use: Potion            |       |       |     2 |     8 ||    10
         Scroll            |       |       |       |     8 ||     8
 Armour: Leather armour    |     4 |    28 |   101 |   165 ||   298
  Dodge: Dodged            |     7 |    24 |   111 |   228 ||   370
         Repelled          |       |       |       |     3 ||     3
  Block: Other             |       |       |    11 |    52 ||    63

Table legend: (Time is in decaauts)
 A = Elapsed time spent in this place.
 B = Non-inter-level travel time spent in this place.
 C = Inter-level travel time spent in this place.
 D = Time resting spent in this place.
 E = Time spent auto-exploring this place.
 F = Levels seen in this place.
 G = Mean time per level.
                   A        B        C        D        E       F      G
               +--------+--------+--------+--------+--------+-----+--------+
         Total |  10428 |   9969 |    459 |   1089 |   7458 |  11 |  948.0 |
       Dungeon |  10426 |   9967 |    459 |   1089 |   7458 |  10 | 1042.6 |
        Temple |      1 |      1 |      0 |      0 |      0 |   1 |    1.0 |
               +--------+--------+--------+--------+--------+-----+--------+

Top non-repeatable levels by time:
     D:9: 1825 daAuts
     D:8: 1402 daAuts
     D:4: 1401 daAuts
     D:3: 1242 daAuts
     D:5: 972 daAuts
     D:6: 960 daAuts
     D:7: 924 daAuts
    D:10: 582 daAuts
     D:2: 570 daAuts
     D:1: 545 daAuts
  Temple: 1 daAuts
